 Dungeon Crawl Stone Soup version 0.32-a0-981-g384da2ce10 (webtiles) character file.

Game seed: 6867991873689266468

56 protoss039 the Digger (level 3, 27/27 HPs)
             Began as a Demonspawn Earth Elementalist on Apr 20, 2024.
             Got out of the dungeon alive.
             The game lasted 00:01:18 (1424 turns).

protoss039 the Digger (DsEE)                        Turns: 1424, Time: 00:01:19

Health: 27/27      AC:  5    Str:  8    XL:     3   Next: 71%
Magic:  7/7        EV:  9    Int: 17    God:
Gold:   44         SH:  0    Dex: 13    Spells: 6/7 levels left

rFire   . . .        e - +0 dagger
rCold   . . .        (no shield)
rNeg    . . .        i - +0 ring mail
rPois   .            (no helmet)
rElec   .            (no cloak)
rCorr   .            (no gloves)
SInv    .            (no boots)
Will    .....        (no amulet)
Stlth   +            (no ring)
HPRegen 0.24/turn    (no ring)
MPRegen 0.10/turn

%: no passive effects
@: no status effects
A: hooves 1, foul stench 1
a: no special abilities


You escaped.
You visited 1 branch of the dungeon, and saw 2 of its levels.

You collected 44 gold pieces.

Inventory:

Hand Weapons
 e - a +0 dagger (weapon)
Armour
 a - a +0 robe
 i - a +0 ring mail (worn)
Scrolls
 c - a scroll of fog {unknown}
 f - 2 scrolls of enchant weapon {unknown}
 g - 3 scrolls of identify {unknown}
 j - a scroll of summoning {unknown}
 k - a scroll of revelation {unknown}
 l - a scroll of vulnerability {unknown}
 m - a scroll of amnesia {unknown}
Potions
 b - a potion of magic
 d - 2 potions of brilliance {unknown}
 h - 4 potions of curing {unknown}


   Skills:
 + Level 1.8 Fighting
 - Level 1.7 Dodging
 - Level 1.7 Stealth
 + Level 2.7 Spellcasting
 - Level 1.0 Conjurations
 + Level 3.2 Earth Magic


You had 6 spell levels left.
You knew the following spells:

 Your Spells              Type           Power      Damage    Failure   Level
a - Sandblast             Erth           26%        2d8       14%         1

Your spell library contained the following spells:

 Spells                   Type           Power      Damage    Failure   Level
 Sting                    Conj/Alch      16%        1d4       41%         1
 Passwall                 Erth           13%        N/A       41%         3
 Apportation              Tloc           4%         N/A       50%         1
 Necrotise                Necr           8%         1d4       50%         1
 Summon Small Mammal      Summ           8%         N/A       50%         1
 Stone Arrow              Conj/Erth      18%        3d8       56%         3
 Brom's Barrelling Bould  Conj/Erth      9%         2d3       93%         4
 Petrify                  Alch/Erth      7%         N/A       96%         4
 Chain Lightning          Conj/Air       2%         3d2       100%        9
 Fire Storm               Conj/Fire      2%         8d1       100%        9
 Shatter                  Erth           6%         3d9*      100%        9


Dungeon Overview and Level Annotations

Branches:
Dungeon (2/15) Zot: 10556

Altars:
Nemelex Xobeh


Innate Abilities, Weirdness & Mutations

You have large cloven feet.
You may rarely emit foul miasma when damaged in melee.


Message History

The blast of sand hits the adder!
You kill the adder!
Unknown command.
Your magical contamination has completely faded away.
d - 2 bubbling emerald potions (gained 1)
Found a stone staircase leading down.
A rat comes into view.
A rat is nearby!
Found an amethyst potion.
A rat is nearby!
Found a mace and 2 viscous purple potions.
A rat is nearby!
The rat bites you but does no damage.
A rat is nearby!
Casting: Sandblast (safe; 14% risk of failure)
Confirm with . or Enter, or press ? or * to list all spells.
Aiming: Sandblast (safe; 14% risk of failure)
Press: ? - help, Shift-Dir - straight line, f - rat
Aim: a rat (82% to hit)
The blast of sand hits the rat!
You kill the rat!
Unknown command.
Casting: Sandblast (safe; 14% risk of failure)
Confirm with . or Enter, or press ? or * to list all spells.
Aiming: Sandblast (safe; 14% risk of failure)
Press: ? - help, Shift-Dir - straight line, f - you That would be overly suicidal.
Okay, then.
Unknown command.
Casting: Sandblast (safe; 14% risk of failure)
Confirm with . or Enter, or press ? or * to list all spells.
Aiming: Sandblast (safe; 14% risk of failure)
Press: ? - help, Shift-Dir - straight line, f - you
Okay, then.
There is an escape hatch in the ceiling here.
A mysterious force pulls you upwards. The hatch slams shut behind you.
Magic restored.
You see here a +0 plate armour.
There is a staircase leading out of the dungeon here.
You have escaped!

............##.............'.....
..#.........##...#.#########.....
..#.........+......# #...รท.
..#.........###.#### #.....
................####### #.....
..#.###......#####....### #.....
#.#.###......# #..##...## ######
#.#..........# ##..####..## #
#.####.......# #@.## ##..# #
#.####.......# #..# #..## ##
.....).......# ##.## ##..# #.
#.####.......# #..## ###.#####.
#.# #.......# #)..####...##....
#.####.##.#### ##....##...##.##.
.....#.##.# ##.........#.#..
.....+....# ####........#....
.....#.#..# ####.......#..##....


There were no monsters in sight!

Vanquished Creatures
  Jessica (D:2)
  An adder (D:2)
  A bat (D:2)
  4 endoplasms
  A goblin (D:1)
  2 hobgoblins
  3 jackals (D:1)
  A ball python (D:1)
  2 frilled lizards (D:1)
  2 kobolds (D:1)
  3 rats
21 creatures vanquished.

Notes
Turn   | Place    | Note
-------+----------+-------------------------------------------
     0 | D:1      | protoss039 the Demonspawn Earth Elementalist began the
                  | quest for the Orb.
     0 | D:1      | Reached XP level 1. HP: 13/13 MP: 3/3
   392 | D:1      | Found a faded altar of an unknown god.
   514 | D:1      | Gained mutation: You have large cloven feet. [demonic
                  | ancestry]
   514 | D:1      | Reached XP level 2. HP: 20/20 MP: 3/5
   702 | D:1      | Reached skill level 1 in Fighting
   813 | D:1      | Reached skill level 3 in Earth Magic
  1082 | D:2      | Found a sparkling altar of Nemelex Xobeh.
  1097 | D:2      | Noticed Jessica
  1107 | D:2      | Killed Jessica
  1108 | D:2      | Gained mutation: You may rarely emit foul miasma when
                  | damaged in melee. [demonic ancestry]
  1108 | D:2      | Reached XP level 3. HP: 12/27 MP: 3/6
  1424 | D:$      | Got out of the dungeon alive.

Illustrated notes

Levels and vault maps discovered:
D:1:      dpeg_arrival_round_b, layout_basic,
          hellmonk_ecumenical_altar_inner_sanctum
D:2:      layout_basic, basic_altar, uniq_jessica

Skill      XL: |  1  2 |
---------------+-------+-----
Fighting       | 1 |  1.8
Earth Magic    | 3 |  3.2
Dodging        | |  1.7
Stealth        | |  1.7
Spellcasting   | |  2.7
Conjurations   | |  1.0

Action                     || total
---------------------------++-------
  Melee: Dagger            ||     6
         Kick              ||     2
   Cast: Sandblast         ||    29
   Stab: Sleeping          ||     1
 Armour: Robe              ||    10
         Ring mail         ||    11
  Dodge: Dodged            ||    12

Table legend: (Time is in decaauts)
 A = Elapsed time spent in this place.
 B = Non-inter-level travel time spent in this place.
 C = Inter-level travel time spent in this place.
 D = Time resting spent in this place.
 E = Time spent auto-exploring this place.
 F = Levels seen in this place.
 G = Mean time per level.
                   A        B        C        D        E       F      G
               +--------+--------+--------+--------+--------+-----+--------+
         Total |   1443 |   1358 |     85 |      0 |   1183 |   2 |  721.5 |
       Dungeon |   1443 |   1358 |     85 |      0 |   1183 |   2 |  721.5 |
               +--------+--------+--------+--------+--------+-----+--------+

Top non-repeatable levels by time:
     D:1: 1027 daAuts
     D:2: 415 daAuts
